 Dungeon Crawl Stone Soup version 0.29.0-7-g18a832c13a (webtiles) character file.

Game seed: 7677889869340999175

1226 PieDemon the Cleaver (level 9, 0/67 (75) HPs)
             Began as a Meteoran Fighter on Aug 30, 2022.
             Was an Initiate of Qazlal.
             Slain by a wight
             ... wielding a +3 dire flail
              (5 damage)
             ... on level 8 of the Dungeon.
             The game lasted 00:10:33 (1316 turns).

PieDemon the Cleaver (Meteoran Fighter)             Turns: 1316, Time: 00:10:33

HP:   0/67 (75)     AC: 10    Str: 22    XL:     9   Next: 5%
MP:   20/20         EV:  7    Int:  9    God:    Qazlal [......]
Gold: 118           SH:  5    Dex: 15    Spells: 8/8 levels left

rFire   . . .      SeeInvis .   a - +0 war axe
rCold   . . .      Faith    .   c - +0 buckler
rNeg    . . .      Spirit   .   p - +0 chain mail
rPois   .          Reflect  .   (no helmet)
rElec   .          Harm     .   (no cloak)
rCorr   .          Rampage  .   (no gloves)
Will    +....                   (no boots)
Stlth   ..........              f - amulet of magic regeneration
HPRegen 0.21/turn               e - ring of magical power
MPRegen 0.57/turn               (no ring)

@: glowing, heavily drained
A: sense surroundings 2, otherworldly, glowing, explore regen
a: Renounce Religion


You were on level 8 of the Dungeon.
You worshipped Qazlal.
Qazlal was noncommittal.
You visited 2 branches of the dungeon, and saw 9 of its levels.

You collected 118 gold pieces.

Inventory:

Hand Weapons
 a - a +0 war axe (weapon)
 l - a +0 vorpal trident
Armour
 b - a +0 scale mail
 c - a +0 buckler (worn)
 d - a +2 leather armour of fire resistance
 p - a +0 chain mail (worn)
Jewellery
 e - a ring of magical power (left hand)
 f - an amulet of magic regeneration (around neck)
Scrolls
 g - a scroll of teleportation
 j - a scroll of enchant armour {unknown}
 m - a scroll of brand weapon {unknown}
 o - a scroll of torment {unknown}
 r - a scroll of silence {unknown}
Potions
 h - a potion of heal wounds
 i - 2 potions of curing
 k - 3 potions of resistance
 n - a potion of flight
 q - a potion of attraction {unknown}


   Skills:
 - Level 6.0 Fighting
 * Level 8.7 Axes
 + Level 6.8 Armour
 - Level 4.0 Shields
 + Level 2.2 Invocations


You had 8 spell levels left.
You didn't know any spells.
Your spell library contained the following spells:

 Spells                   Type           Power      Damage    Failure   Level
 Static Discharge         Conj/Air       0%         3-3/arc   99%         2
 Dispel Undead            Necr           0%         3d6       100%        4
 Sticky Flame             Conj/Fire      0%         2d3       100%        4


Dungeon Overview and Level Annotations

Branches:
Dungeon (8/15) Zot: 3552   Temple (1/1) D:5 Zot: 470
   Lair: D:8-11

Altars:
Cheibriados
Dithmenos
Qazlal
The Shining One

Shops:
D:6 **

Annotations:
D:7 exclusion: 2 downstairs
D:8 Psyche


Innate Abilities, Weirdness & Mutations

You passively map the area around you.
You are easily found by Zot.
You glow in the dark.
You regain HP and MP as you explore.


Message History

You feel drained. You block the wight's attack.
Unknown command.
You hit the wight but do no damage.
The wight is lightly damaged.
The wight hits you from afar with a +0 halberd.
The wight hits you with a +3 dire flail.
Unknown command.
You hit the wight but do no damage.
The wight is lightly damaged.
The wight hits you from afar with a +0 halberd.
The wight hits you with a +3 dire flail.
You feel drained.
Unknown command.
You barely miss the wight.
The wight is lightly damaged.
The wight hits you but does no damage. The wight closely misses you.
Unknown command.
You barely miss the wight.
The wight is lightly damaged.
You block the wight's attack.
The wight hits you with a +3 dire flail!
* * * LOW HITPOINT WARNING * * *
You feel drained.
* * * LOW HITPOINT WARNING * * *
You feel much better.
The wight hits you from afar with a +0 halberd.
The wight hits you with a +3 dire flail!
* * * LOW HITPOINT WARNING * * *
Unknown command.
Unknown command.
Okay, then.
You slash the wight!
The wight is severely damaged.
The wight closely misses you.
The wight hits you with a +3 dire flail!
* * * LOW HITPOINT WARNING * * *
You feel drained.
* * * LOW HITPOINT WARNING * * *
The wight hits you with a +3 dire flail.
You die...

,# * * ,, *
########.#
,#*...##,, * *
#........# .#.... ,
, #......!# .....###
*#.<....#* *#......
, * * #...o..#
#....# #......#
#z...# . ,* #......#
* #)z..# #.. , **
#........* #@####>..
, * #......#.#
#......#*
######.....##...####
* ..........#
.....####.#######
,** ####* #.......#
* *
*#########......#
,,, *,
.........#.....# *
########.......#


You could see 2 wights.

Vanquished Creatures
  Grinder (D:6)
  A wyvern (D:7)
  Eustachio (D:4)
  An ice beast (D:4)
  An ogre (D:5)
  A wight (D:8)
  2 howler monkeys
  A hound (D:4)
  2 jellies
  A gnoll bouda (D:5)
  2 orc priests
  2 iguanas
  3 orc wizards
  An adder (D:5)
  3 gnolls (D:5)
  3 worms
  20 orcs
  5 endoplasms
  5 giant cockroaches
  2 goblins
  3 hobgoblins
  A jackal (D:3)
  A kobold (D:1)
  A quokka (D:3)
  A ball python (D:2)
  2 bats (D:1)
  5 rats
72 creatures vanquished.

Vanquished Creatures (others)
  3 plants
3 creatures vanquished.

Grand Total: 75 creatures vanquished

Notes
Turn   | Place    | Note
-------+----------+-------------------------------------------
     0 | D:1      | PieDemon the Meteoran Fighter began the quest for the Orb.
     0 | D:1      | Reached XP level 1. HP: 19/19 MP: 2/2
    35 | D:1      | Reached XP level 2. HP: 6/26 MP: 3/3
    70 | D:1      | Reached skill level 3 in Axes
    83 | D:2      | Reached XP level 3. HP: 31/31 MP: 4/4
   111 | D:2      | Reached XP level 4. HP: 33/40 MP: 5/5
   236 | D:3      | Reached skill level 4 in Axes
   236 | D:3      | Reached XP level 5. HP: 34/46 MP: 6/6
   372 | D:4      | Noticed an ice beast
   386 | D:4      | Killed an ice beast
   387 | D:4      | Reached skill level 5 in Axes
   387 | D:4      | Reached XP level 6. HP: 21/53 MP: 7/7
   393 | D:4      | Noticed Eustachio
   399 | D:4      | Killed Eustachio
   400 | D:4      | Reached skill level 6 in Axes
   400 | D:4      | Reached skill level 5 in Armour
   400 | D:4      | Reached XP level 7. HP: 34/60 MP: 8/8
   404 | D:4      | Reached skill level 5 in Fighting
   477 | D:5      | Entered Level 5 of the Dungeon
   489 | D:6      | Found Keghuj's General Store.
   586 | D:6      | Found Gozag's Platinum Reserve.
   623 | D:6      | Noticed Grinder
   629 | D:6      | Paralysed by Grinder for 2 turns
   643 | D:6      | Killed Grinder
   644 | D:6      | Reached skill level 7 in Axes
   644 | D:6      | Reached XP level 8. HP: 26/69 MP: 9/9
   746 | D:5      | Found a staircase to the Ecumenical Temple.
   755 | Temple   | Entered the Ecumenical Temple
   828 | Temple   | Became a worshipper of Qazlal Stormbringer
   979 | D:4      | You fall into a shaft and drop 3 floors!
  1059 | D:7      | Noticed a wyvern
  1074 | D:7      | Killed a wyvern
  1075 | D:7      | Reached skill level 8 in Axes
  1075 | D:7      | Reached skill level 1 in Invocations
  1268 | D:8      | Noticed Psyche
  1278 | D:7      | Gained mutation: You passively map the area around you.
                  | [Meteoran growth]
  1278 | D:7      | Reached XP level 9. HP: 51/75 MP: 11/11
  1316 | D:8      | Slain by a wight

Illustrated notes

Levels and vault maps discovered:
D:1:      eino_arrival_druids_welcome, layout_rooms
D:2:      layout_rooms, chequers_ecumenical_altar_lobes, serial_forest,
          infiniplex_forest_corner_2, infiniplex_forest_pool,
          infiniplex_forest_clump_diagonal, infiniplex_forest_corner_2,
          infiniplex_forest_clump_cross, infiniplex_forest_lined_1,
          infiniplex_forest_lined_corner, infiniplex_forest_diagonal,
          infiniplex_forest_clump_small, minmay_tall_x, uniq_robin, uniq_terence
D:3:      cheibrodos_helix_gallery, layout_loops_cross, serial_aquarium,
          aquarium_bridge_long_separate [aquarium_subvault_wall,
          aquarium_subvault_bridge, aquarium_subvault_bridge,
          aquarium_subvault_wall, aquarium_subvault_bridge,
          aquarium_subvault_window], aquarium_bridge_straight
          [aquarium_subvault_bridge, aquarium_subvault_balcony,
          aquarium_subvault_bridge, aquarium_subvault_wall],
          aquarium_window_corridor_1, aquarium_window_fake, aquarium_window_2,
          aquarium_view_2d, aquarium_view_2c, aquarium_balcony_3b,
          kennysheep_generic_room_12
D:4:      layout_basic, uniq_ijyb, uniq_eustachio
D:5:      layout_basic, zin_scriptorium, temple_statues, serial_glass,
          glass_columns_b, glass_columns_a
D:6:      layout_loops_ring, nicolae_gozag_zags_fifth_avenue,
          vehumet_altar_wand_db, serial_shops, shop_fountains,
          lightli_corner_chamber, uniq_grinder
D:7:      layout_basic, amcnicky_mini_pool_small
D:8:      layout_rooms, trog_antimagical, gammafunk_ghost_nasty_kobolds,
          serial_shops, kennysheep_mini_moat, uniq_joseph, uniq_psyche
Temple:   minmay_temple_curvy_loop

Skill      XL: |  1  2  3  4  5  6  7  8  9 |
---------------+----------------------------+-----
Axes           | 3 4 5 6 7 8 |  8.7
Armour         | 4 5 6 |  6.8
Shields        | 4 |  4.0
Fighting       | 4 5 6 |  6.0
Invocations    | 1 2 |  2.2

Action                   |  1- 3 |  4- 6 |  7- 9 || total
-------------------------+-------+-------+-------++-------
Melee: War axe           |    42 |    71 |   137 ||   250
  Use: Scroll            |       |     1 |     4 ||     5
       Potion            |       |     1 |     1 ||     2
Armor: Scale mail        |    22 |    28 |    18 ||    68
       Chain mail        |       |       |    31 ||    31
Dodge: Dodged            |    17 |    28 |    53 ||    98
Block: Buckler           |    11 |    11 |    32 ||    54
